 Dungeon Crawl Stone Soup version 0.21.0-3-g78d12a8 (webtiles) character file.

58 Plasmagod the Skirmisher (level 4, 0/29 HPs)
             Began as a Gargoyle Fighter on Jan 8, 2018.
             Slain by an orc priest
             ... wielding a +0 flail
              (3 damage)
             ... on level 2 of the Dungeon.
             The game lasted 00:03:14 (935 turns).

Plasmagod the Skirmisher (Gargoyle Fighter)          Turns: 935, Time: 00:03:15

Health: 0/29       AC: 11    Str: 21    XL:     4   Next: 2%
Magic:  4/4        EV:  7    Int:  8    God:
Gold:   50         SH:  9    Dex:  9    Spells: 3/3 levels left

rFire    . . .     SeeInvis .   a - +0 flail
rCold    . . .     Gourm    .   c - +0 shield
rNeg     + . .     Faith    .   b - +0 scale mail
rPois    ∞         Spirit   .   l - +0 helmet
rElec    +         Reflect  .   (no cloak)
rCorr    .         Harm     .   (no gloves)
MR       .....                  (no boots)
Stlth    ..........             (no amulet)
HPRegen  0.09/turn              (no ring)
MPRegen  0.09/turn              (no ring)

@: no status effects
A: negative energy resistance 1, electricity resistance, unbreathing,
petrification resistance, rot immunity, AC +3
a: no special abilities


You were on level 2 of the Dungeon.
You were not hungry.

You visited 1 branch of the dungeon, and saw 2 of its levels.

You collected 50 gold pieces.

Inventory:

Hand Weapons
 a - a +0 flail (weapon)
Armour
 b - a +0 scale mail (worn)
 c - a +0 shield (worn)
 l - a +0 helmet (worn)
Scrolls
 h - a scroll of random uselessness {unknown}
 j - a scroll of enchant armour {unknown}
 k - a scroll of blinking {unknown}
Potions
 d - a potion of might
 e - 3 potions of ambrosia {unknown}
 i - a potion of invisibility {unknown}
Comestibles
 f - 2 rations


   Skills:
 + Level 3.8 Fighting
 + Level 2.8 Maces & Flails
 + Level 3.7 Armour
 + Level 0.3 Dodging
 + Level 3.7 Shields


You had 3 spell levels left.
You didn't know any spells.

Dungeon Overview and Level Annotations

Branches:
Dungeon (2/15)

Altars:


Innate Abilities, Weirdness & Mutations

You are resistant to torment.
Your stone body is resilient. (AC +3)
You are immune to poison.
You resist negative energy. (rN+)
You are resistant to electric shocks. (rElec)
You can survive without breathing.
You are immune to petrification.
You are immune to rotting.


Message History

The goblin is severely wounded.
The goblin hits you but does no damage.
Your shield and scale mail prevent you from hitting the orc priest.
You block the goblin's attack. The orc priest hits you with a flail.
* * * LOW HITPOINT WARNING * * *
The goblin hits you but does no damage.
You hit the orc priest.
The orc priest is lightly wounded.
You block the orc priest's attack. The goblin barely misses you.
The orc priest barely misses you.
You closely miss the orc priest.
The orc priest is lightly wounded.
The goblin hits you but does no damage. The orc priest hits you with a flail.
* * * LOW HITPOINT WARNING * * *
You barely miss the orc priest.
The orc priest is lightly wounded.
The goblin hits you with a club.
* * * LOW HITPOINT WARNING * * *
The orc priest hits you with a flail.
You die...

...## ....### .. #
#...## ..
##.####..###.#..#
........))g....###
.......s##..###...
........# ......
.$......###..###
.......rsg@.##
.......{o##o#
.......$.# .#
..>....... ..
.....$..#...##
........#..##
########...# .o#


You could see an orc priest, an orc, a giant cockroach, a goblin and a rat.

Vanquished Creatures
  Robin (D:1)
  A leopard gecko (D:1)
  2 bats (D:1)
  7 goblins
  8 hobgoblins
  7 jackals (D:1)
  9 kobolds
  A ball python (D:1)
  3 frilled lizards (D:1)
  3 rats (D:1)
42 creatures vanquished.

Notes
Turn   | Place    | Note
-------+----------+-------------------------------------------
     0 | D:1      | Plasmagod the Gargoyle Fighter began the quest for the Orb.
     0 | D:1      | Reached XP level 1. HP: 14/14 MP: 1/1
    72 | D:1      | Reached XP level 2. HP: 20/20 MP: 2/2
   547 | D:1      | Reached XP level 3. HP: 23/24 MP: 3/3
   737 | D:2      | Noticed Robin
   761 | D:1      | Killed Robin
   921 | D:2      | Reached XP level 4. HP: 24/29 MP: 4/4
   935 | D:2      | Slain by an orc priest

Action                   |  1- 3 |  4- 6 || total
-------------------------+-------+-------++-------
Melee: Flail             |   184 |    14 ||   198
  Eat: Ration            |     1 |       ||     1
Armor: Scale mail        |    84 |     5 ||    89
Dodge: Dodged            |    70 |     5 ||    75
Block: Shield            |    96 |     7 ||   103
